 Dungeon Crawl Stone Soup version 0.22-a0-292-g0df9d5f (webtiles) character file.

355 Amnesiac the Zephyrmancer (level 6, -4/32 HPs)
             Began as a Tengu Air Elementalist on Mar 23, 2018.
             Was an Initiate of Gozag.
             Killed by divine providence
             ... invoked by an orc priest
              (13 damage)
             ... on level 4 of the Dungeon.
             The game lasted 00:03:47 (3454 turns).

Amnesiac the Zephyrmancer (Tengu Air Elementalist)  Turns: 3454, Time: 00:03:49

Health: -4/32      AC:  4    Str:  8    XL:     6   Next: 63%
Magic:  1/13       EV: 12    Int: 18    God:    Gozag
Gold:   171        SH:  0    Dex: 14    Spells: 1/13 levels left

rFire    . . .     SeeInvis .   o - +0 whip (drain)
rCold    . . .     Gourm    .   (no shield)
rNeg     . . .     Faith    .   n - +2 animal skin
rPois    .         Spirit   .   (helmet restricted)
rElec    .         Reflect  .   (no cloak)
rCorr    .         Harm     .   (no gloves)
MR       +....                  (boots unavailable)
Stlth    ++........             (no amulet)
HPRegen  0.10/turn              f - ring of protection from magic
MPRegen  0.13/turn              (no ring)

@: lethally poisoned (-4 -> -9)
A: beak, talons 3, able to fly 1
a: Fly, Potion Petition, Call Merchant, Bribe Branch, Renounce Religion


You were on level 4 of the Dungeon.
You worshipped Gozag.
Gozag was aware of your devotion.
You were not hungry.

You visited 1 branch of the dungeon, and saw 4 of its levels.

You collected 210 gold pieces.
You paid 39 gold pieces to Gozag.

Inventory:

Hand Weapons
 o - a +0 whip of draining (weapon)
Armour
 n - a +2 animal skin (worn)
Jewellery
 a - a +2 amulet of reflection {unknown}
 f - a ring of protection from magic (left hand)
Scrolls
 b - a scroll of immolation {!r, unknown}
 d - 2 scrolls of identify {!r, unknown}
 e - a scroll of magic mapping {!r, unknown}
 g - a scroll of fog {!r, unknown}
 j - a scroll of amnesia {!r, unknown}
 k - 2 scrolls of fear {!r, unknown}
 l - 4 scrolls of remove curse {!r, unknown}
 p - a scroll of enchant weapon {!r, unknown}
 r - a scroll of enchant armour {!r, unknown}
Potions
 h - 2 potions of heal wounds {!q, unknown}
 i - 2 potions of curing {!q}
 m - a potion of cancellation {!q, unknown}
 q - a potion of mutation {!q, unknown}
Comestibles
 c - 8 rations


   Skills:
 - Level 2.1 Dodging
 - Level 2.0 Stealth
 + Level 4.0 Spellcasting
 - Level 1.3 Conjurations
 - Level 8.1 Air Magic


You had one spell level left.
You knew the following spells:

 Your Spells              Type           Power        Failure   Level  Hunger
a - Shock                 Conj/Air       ###.         1%          1    None
b - Swiftness             Chrm/Air       ###.....     4%          2    ##.....
c - Lightning Bolt        Conj/Air       ###.......   50%         5    ######.
d - Airstrike             Air            ####......   5%          4    ####...


Dungeon Overview and Level Annotations

Branches:
Dungeon (4/15)
 Temple: D:4-7

Altars:
Cheibriados
Gozag
Ru
Zin


Innate Abilities, Weirdness & Mutations

You have a beak for a mouth.
You have claws for feet.
You can fly.


Message History

Casting: Shock (safe; 2% risk of failure)
Confirm with . or Enter, or press ? or * to list all spells.
Aiming: Shock (safe; 2% risk of failure)
Press: ? - help, Shift-Dir - straight line, f/p - orc
Aim: an orc, wielding a club The zap hits the orc.
The orc is almost dead.
The worker ant twitches its antennae in your direction.
The orc throws a stone.
The stone barely misses you.
Casting: Shock (safe; 2% risk of failure)
Confirm with . or Enter, or press ? or * to list all spells.
Aiming: Shock (safe; 2% risk of failure)
Press: ? - help, Shift-Dir - straight line, f/p - orc
Aim: an orc, wielding a club (almost dead)
The zap hits the orc.
You kill the orc!
Your Spellcasting skill increases to level 4!
An orc priest comes into view. It is wielding a flail.
Casting: Shock (safe; 1% risk of failure)
Confirm with . or Enter, or press ? or * to list all spells.
Aiming: Shock (safe; 1% risk of failure)
Press: ? - help, Shift-Dir - straight line, f - worker ant
Aim: a worker ant The zap hits the worker ant.
The worker ant is lightly wounded.
Casting: Shock (safe; 1% risk of failure)
Confirm with . or Enter, or press ? or * to list all spells.
Aiming: Shock (safe; 1% risk of failure)
Press: ? - help, Shift-Dir - straight line, f/p - worker ant
Aim: a worker ant (lightly wounded)
The zap hits the worker ant.
The worker ant appears unharmed.
The worker ant is lightly wounded.
The zap hits the worker ant.
The worker ant is moderately wounded.
The orc priest looks encouraged for a moment.
Casting: Shock (safe; 1% risk of failure)
Confirm with . or Enter, or press ? or * to list all spells.
Aiming: Shock (safe; 1% risk of failure)
Press: ? - help, Shift-Dir - straight line, f/p - worker ant
Aim: a worker ant (moderately wounded)
The zap hits the worker ant.
The worker ant is severely wounded.
The orc priest miscasts a cantrip.
The worker ant is distracted by the nearby gold.
Casting: Shock (safe; 1% risk of failure)
Confirm with . or Enter, or press ? or * to list all spells.
You don't have enough magic to cast that spell.
You see here 3 stones.
The orc priest calls down the wrath of Beogh upon you.
Beogh smites you!
The worker ant twitches its antennae in your direction.
The worker ant is no longer distracted by gold.
The worker ant closely misses you. The worker ant bites you.
You are poisoned.
The worker ant poisons you!
You closely miss the worker ant.
The worker ant is severely wounded.
You feel sick. The worker ant bites you!
* * * LOW HITPOINT WARNING * * *
You feel sick.
The orc priest calls down the wrath of Beogh upon you.
Beogh smites you!
You die...
Your body crumbles into a pile of gold.

.# # .# #. ######.#
.##...... ....... #####
### #....# #... ... #
#....#####>#########
##.###..@..............#
#...............######.##
..#....a######### #...
##.##(# ##.## # #(# #..#
.......$# #..# ####.#..#
#..# # #.o# #..# #.$#
#..#


You could see a worker ant and an orc priest.

Vanquished Creatures
  A howler monkey (D:4)
  A hound (D:4)
  Jessica (D:2)
  An iguana (D:4)
  Natasha (thrice) (D:2)
  Robin (D:2)
  5 adders
  A gnoll (D:1)
  2 oozes
  A worm (D:3)
  An adder skeleton (D:4)
  A dart slug (D:4)
  A leopard gecko (D:3)
  4 orcs (D:4)
  19 goblins
  9 hobgoblins
  6 kobolds
  A quokka (D:3)
  4 ball pythons
  4 bats
  8 frilled lizards
  8 rats
83 creatures vanquished.

Notes
Turn   | Place    | Note
-------+----------+-------------------------------------------
     0 | D:1      | Amnesiac the Tengu Air Elementalist began the quest for the Orb.
     0 | D:1      | Reached XP level 1. HP: 10/10 MP: 4/4
   174 | D:1      | Reached XP level 2. HP: 15/15 MP: 0/6
   501 | D:1      | Reached skill level 5 in Air Magic
   501 | D:1      | Reached XP level 3. HP: 18/19 MP: 0/7
  1212 | D:2      | Found a snail-covered altar of Cheibriados.
  1324 | D:2      | Noticed Robin
  1417 | D:2      | Reached XP level 4. HP: 24/24 MP: 2/9
  1432 | D:2      | Learned a level 4 spell: Airstrike
  1582 | D:2      | Noticed Natasha
  1587 | D:2      | Killed Natasha
  1587 | D:2      | Reached skill level 6 in Air Magic
  1677 | D:2      | Noticed Jessica
  1680 | D:2      | Killed Jessica
  1680 | D:2      | Gained mutation: You can fly. [Tengu growth]
  1680 | D:2      | Reached XP level 5. HP: 28/28 MP: 4/10
  1818 | D:2      | Killed Robin
  1921 | D:2      | Noticed Natasha
  1925 | D:2      | Killed Natasha
  2103 | D:2      | Noticed Natasha
  2105 | D:2      | Killed Natasha
  2105 | D:2      | Reached skill level 7 in Air Magic
  2313 | D:3      | Found a sacrificial altar of Ru.
  2524 | D:3      | Reached XP level 6. HP: 30/32 MP: 4/12
  2548 | D:3      | Learned a level 2 spell: Swiftness
  2554 | D:3      | Learned a level 5 spell: Lightning Bolt
  2668 | D:3      | Found a glowing silver altar of Zin.
  2668 | D:3      | Found an opulent altar of Gozag.
  2785 | D:3      | Became a worshipper of Gozag Ym Sagoz the Greedy
  3356 | D:4      | Reached skill level 8 in Air Magic
  3454 | D:4      | Killed from afar by an orc priest

Vault maps used:
D:1:      scummos_arrival_forest, serial_forest, infiniplex_forest_end_2,
          infiniplex_forest_end_2, infiniplex_forest_zigzag_2,
          infiniplex_forest_zigzag_1, infiniplex_forest_corner_1,
          infiniplex_forest_end_3, infiniplex_forest_end_1,
          infiniplex_forest_lined_3_way, infiniplex_forest_straight_2,
          minivault_5
D:2:      cheibriados_altar_1, first_ration, uniq_robin, uniq_natasha,
          uniq_jessica
D:3:      grunt_temple_overflow_gold_and_silver, nicolae_ru_path_of_blood
D:4:      minmay_item_behind_shaft

Skill      XL: |  1  2  3  4  5  6 |
---------------+-------------------+-----
Air Magic      | 5 6 7 8 |  8.1
Spellcasting   | 3 4 |  4.0
Dodging        | |  2.1
Stealth        | |  2.0
Conjurations   | |  1.3

Action                   |  1- 3 |  4- 6 || total
-------------------------+-------+-------++-------
Melee: Unarmed           |    16 |     2 ||    18
       Kick              |     4 |     7 ||    11
       Peck              |     1 |     5 ||     6
       Whip              |       |    29 ||    29
 Cast: Shock             |    73 |   110 ||   183
       Airstrike         |       |     2 ||     2
 Stab: Sleeping          |       |     2 ||     2
  Eat: Chunk             |     2 |     5 ||     7
       Ration            |       |     1 ||     1
Armor: Robe              |     2 |       ||     2
       Animal skin       |       |     8 ||     8
Dodge: Dodged            |    18 |    20 ||    38

Table legend:
 A = Spawn XP
 B = Non-spawn XP
 C = Spawn XP percentage of total XP
 D = Spawn monster count
 E = Non-spawn monster count
 F = Spawn count percentage of total count
 G = Total turns spent on level
                    A         B        C        D         E        F      G
               +---------+---------+-------+---------+---------+-------+---------
         Total |       0 |     508 |   0.0 |       0 |      83 |   0.0 |  3454
               +---------+---------+-------+---------+---------+-------+---------
           D:1 |       0 |      40 |   0.0 |       0 |      19 |   0.0 |   998
           D:2 |       0 |     231 |   0.0 |       0 |      35 |   0.0 |  1186
           D:3 |       0 |      66 |   0.0 |       0 |      17 |   0.0 |   839
           D:4 |       0 |     171 |   0.0 |       0 |      12 |   0.0 |   431
               +---------+---------+-------+---------+---------+-------+---------
